 Dungeon Crawl Stone Soup version 0.24-a0-693-g39a19ac0f1 (webtiles) character file.

Game seed: 11442103478654569045, levelgen mode: deterministic

106 MisterOstroum the Skirmisher (level 5, -2/41 HPs)
             Began as a Human Enchanter on Sept 28, 2019.
             Was an Initiate of Trog.
             Slain by an orc
             ... wielding a +0 short sword
              (4 damage)
             ... on level 3 of the Dungeon.
             The game lasted 00:05:06 (3373 turns).

MisterOstroum the Skirmisher (Human Enchanter)      Turns: 3373, Time: 00:05:07

Health: -2/41      AC:  5    Str:  9    XL:     5   Next: 10%
Magic:  8/8        EV: 16    Int: 15    God:    Trog [......]
Gold:   200        SH:  0    Dex: 19    Spells: 7/8 levels left

rFire    . . .     SeeInvis .   a - +0 whip
rCold    . . .     Gourm    .   (no shield)
rNeg     . . .     Faith    .   g - +0 ring mail
rPois    .         Spirit   .   (no helmet)
rElec    .         Reflect  .   (no cloak)
rCorr    .         Harm     .   (no gloves)
MR       .....                  (no boots)
Stlth    +++.......             (no amulet)
HPRegen  0.13/turn              (no ring)
MPRegen  0.11/turn              (no ring)

@: agile, lethally poisoned (-2 -> -7)
A: no striking features
a: Renounce Religion


You were on level 3 of the Dungeon.
You worshipped Trog.
Trog was noncommittal.
You were not hungry.

You visited 1 branch of the dungeon, and saw 3 of its levels.

You collected 200 gold pieces.

Inventory:

Hand Weapons
 a - a +0 whip (weapon)
 b - a +0 hunting sling of flaming
 h - a +0 short sword
 r - a +0 mace
 v - a +1 dagger
Missiles
 f - 82 stones
 k - 2 javelins (quivered)
 o - 39 sling bullets
 p - a throwing net {!f}
Armour
 g - a +0 ring mail (worn)
 x - a +0 robe
Jewellery
 l - an uncursed ring of see invisible {unknown}
 q - an uncursed ring of flight {unknown}
Scrolls
 d - a scroll of remove curse {unknown}
 i - 2 scrolls of teleportation
 j - a scroll of enchant armour {unknown}
 m - a scroll of enchant weapon {unknown}
 n - 3 scrolls of identify
 s - a scroll of immolation {unknown}
 t - a scroll of amnesia
Potions
 c - 2 potions of flight
 u - a potion of agility {@q5 !q}
Comestibles
 e - 6 rations
 w - 3 chunks of flesh


   Skills:
 + Level 3.6 Fighting
 - Level 2.2 Short Blades
 + Level 0.2 Maces & Flails
 - Level 2.0 Dodging
 - Level 3.0 Stealth
 - Level 2.0 Spellcasting
 - Level 3.0 Hexes


You had 7 spell levels left.
You knew the following spells:

 Your Spells              Type           Power        Failure   Level  Hunger
a - Corona                Hex            ##.....      19%         1    #......

Your spell library contained the following spells:

 Spells                   Type           Power        Failure   Level  Hunger
 Ensorcelled Hibernation  Hex/Ice        #.....       45%         2    ###....
 Confuse                  Hex            ##......     47%         3    ###....
 Tukima's Dance           Hex            ##......     47%         3    ###....
 Dazzling Spray           Conj/Hex       #.....       69%         3    ###....


Dungeon Overview and Level Annotations

Branches:
Dungeon (3/15)

Altars:
Hepliaklqana
Trog


Message History

The giant cockroach bites you but does no damage.
Found a ration.
You feel sick.
There is an open door here.
You see here a ration.
You feel sick. The giant cockroach barely misses you.
The giant cockroach bites you.
There is an open door here.
You feel sick. The orc hits you but does no damage.
The giant cockroach bites you.
* * * LOW HITPOINT WARNING * * *
The orc barely misses you. The orc hits you but does no damage.
You feel sick.
It was a potion of agility.
You feel agile all of a sudden.
You feel sick.
You are no longer poisoned.
The giant cockroach barely misses you. The giant cockroach bites you.
* * * LOW HITPOINT WARNING * * *
The giant cockroach waves its antennae.
You open the door.
An orc comes into view. It is wielding a +0 short sword.
The giant cockroach closely misses you. The orc hits you with a +0 short sword.
* * * LOW HITPOINT WARNING * * *
The orc shouts!
There is an open door here.
The giant cockroach bites you but does no damage.
The orc barely misses you.
You barely miss the orc. The giant cockroach closely misses you.
The orc closely misses you.
You barely miss the orc.
The giant cockroach completely misses you.
The orc barely misses you.
You hit the orc.
The orc is heavily wounded.
The giant cockroach barely misses you. The orc closely misses you.
The giant cockroach barely misses you.
You hit the orc but do no damage.
The orc is heavily wounded.
The giant cockroach closely misses you. The orc closely misses you.
You hit the orc.
The orc is heavily wounded.
The giant cockroach misses you. The orc barely misses you.
You hit the orc.
You kill the orc!
Trog accepts your kill. The giant cockroach bites you.
* * * LOW HITPOINT WARNING * * *
The giant cockroach bites you but does no damage.
Things that are here:
a +0 short sword; a +0 leather armour; an orc corpse You hit the giant cockroach.
You kill the giant cockroach!
Trog accepts your kill.
You hit the orc but do no damage.
The orc is lightly wounded.
The orc hits you with a +2 whip of venom.
* * * LOW HITPOINT WARNING * * *
You are lethally poisoned!
You barely miss the orc.
The orc is lightly wounded.
* * * LOW HITPOINT WARNING * * *
You feel sick. The orc misses you.
Okay, then.
You hit the orc.
You kill the orc!
Trog accepts your kill.
* * * LOW HITPOINT WARNING * * *
You feel sick.
The kobold throws a stone.
The stone hits you but does no damage.
You closely miss the goblin.
* * * LOW HITPOINT WARNING * * *
You feel sick. The goblin misses you.
You barely miss the goblin.
* * * LOW HITPOINT WARNING * * *
You feel sick. The goblin barely misses you.
You hit the goblin.
The goblin is severely wounded.
* * * LOW HITPOINT WARNING * * *
You feel sick. The goblin misses you.
You hit the goblin but do no damage.
The goblin is severely wounded.
The goblin closely misses you.
You hit the goblin.
You kill the goblin!
Trog accepts your kill.
* * * LOW HITPOINT WARNING * * *
You feel sick.
The kobold throws a stone.
The stone closely misses you.
Saving game... please wait.
Welcome back, MisterOstroum the Human Enchanter.
Trog says: Kill them all!
Press ? for a list of commands and other information.
You are too injured to fight recklessly!
You are too injured to fight recklessly!
You hit the orc.
The orc is severely wounded.
The orc hits you with a +0 short sword.
You die...

######.#.##.....# #####
#### #.#.##.#####
#..####.%o ..#.##.#
#.....o..# #.$#.##.#
#..?.o...# ...#.##.#
#..#'##..# .#..#....#
####..#### ...####..#
######8..#..'
####.#######.......##..#
..(....@oK.'.......##.[#
#.......#o.######8รท.#..#
#.......##......##..####
#.......##......##'##..#
##########......#.......
##.....#.......
#....######## #####


You could see 2 orcs and a kobold.

Vanquished Creatures
  5 adders
  An ooze (D:2)
  2 dart slugs
  3 leopard geckos
  2 orcs (D:3)
  5 bats
  5 giant cockroaches
  3 goblins
  4 hobgoblins
  2 ball pythons
  7 frilled lizards
  6 kobolds
  6 rats
51 creatures vanquished.

Notes
Turn   | Place    | Note
-------+----------+-------------------------------------------
     0 | D:1      | MisterOstroum the Human Enchanter began the quest for the
                  | Orb.
     0 | D:1      | Reached XP level 1. HP: 13/13 MP: 3/3
   106 | D:1      | Reached skill level 1 in Fighting
   506 | D:1      | Reached XP level 2. HP: 17/21 MP: 5/5
   846 | D:1      | You fall into a shaft and drop 1 floor!
  1147 | D:2      | Found a hazy altar of Hepliaklqana.
  1213 | D:2      | Reached XP level 3. HP: 9/26 MP: 6/6
  2112 | D:2      | Reached XP level 4. HP: 32/34 MP: 7/7
  2611 | D:2      | Found a bloodstained altar of Trog.
  2787 | D:2      | Became a worshipper of Trog the Wrathful
  3104 | D:3      | Reached XP level 5. HP: 33/41 MP: 8/8
  3370 | D:3      | HP: 2/41 [poisoned by an orc]
  3373 | D:3      | Slain by an orc

Levels and vault maps discovered:
D:1:      co_arrival_random_square_maze, layout_basic
D:2:      layout_basic, marbit_many_paths, nicolae_overflow_hidden_temple
D:3:      minmay_chambers_of_twos, layout_rooms, lemuel_doored_altar,
          lemuel_crystal_altar, chequers_temple_overflow_statue_of_worship

Skill      XL: |  1  2  3  4 |
---------------+-------------+-----
Fighting       | 1 2 3 |  3.6
Short Blades   | 2 |  2.2
Maces & Flails | |  0.2
Dodging        | |  2.0
Stealth        | |  3.0
Spellcasting   | |  2.0
Hexes          | |  3.0

Action                   |  1- 3 |  4- 6 || total
-------------------------+-------+-------++-------
Melee: Dagger            |    91 |       ||    91
       Short sword       |    40 |    98 ||   138
       Whip              |       |    20 ||    20
Throw: Javelin           |     1 |       ||     1
  Use: Potion            |     3 |     3 ||     6
       Scroll            |       |     2 ||     2
 Stab: Sleeping          |     3 |     1 ||     4
       Distracted        |     1 |       ||     1
  Eat: Chunk             |     4 |     4 ||     8
Armor: Robe              |     7 |       ||     7
       Ring mail         |    31 |    48 ||    79
Dodge: Dodged            |    76 |    82 ||   158

Table legend:
 A = Non-vault XP
 B = Vault XP
 C = Vault XP percentage of total XP
 D = Non-vault monster count
 E = Vault monster count
 F = Vault count percentage of total count
                 A         B        C        D         E       F
            +---------+---------+-------+---------+---------+-------
      Total |     129 |      23 |  15.1 |      43 |       8 |  15.7
            +---------+---------+-------+---------+---------+-------
        D:1 |      21 |       0 |   0.0 |      13 |       0 |   0.0
        D:2 |      76 |       1 |   1.3 |      20 |       1 |   4.8
        D:3 |      32 |      22 |  40.7 |      10 |       7 |  41.2
            +---------+---------+-------+---------+---------+-------
